 Dungeon Crawl Stone Soup version 0.28.0-43-g3370ac3207 (webtiles) character file.

Game seed: 10424806258698187357

6191 pkoi the Zephyrmancer (level 10, 0/69 HPs)
             Began as a Pale Draconian Air Elementalist on Mar 10, 2022.
             Was a Follower of Sif Muna.
             Slain by a vault guard
             ... wielding a +0 broad axe
              (14 damage)
             ... in a bailey.
             The game lasted 00:19:30 (13573 turns).

pkoi the Zephyrmancer (DrAE)                       Turns: 13573, Time: 00:19:31

Health: 0/69       AC: 10    Str: 13    XL:     10   Next: 60%
Magic:  6/17       EV: 12    Int: 20    God:    Sif Muna [*.....]
Gold:   497        SH:  0    Dex: 18    Spells: 2/18 levels left

rFire   . . .      SeeInvis .   t - +1 dagger (venom)
rCold   . . .      Faith    .   (no shield)
rNeg    + . .      Spirit   .   (armour unavailable)
rPois   +          Reflect  .   (helmet restricted)
rElec   .          Harm     .   (no cloak)
rCorr   +          Rampage  .   (no gloves)
Will    .....                   c - +2 pair of boots
Stlth   ++........              (no amulet)
HPRegen 0.21/turn               h - +6 ring of dexterity
MPRegen 0.15/turn               i - ring of Cymotain {rPois rN+ rCorr Str+3}

@: short of breath
A: breathe steam, AC +7, unfitting armour, cold-blooded, steam resistance
a: Breathe Steam, Renounce Religion, Channel Magic


You were in a bailey.
You worshipped Sif Muna.
Sif Muna was aware of your devotion.
You visited 2 branches of the dungeon, and saw 10 of its levels.
You also visited: Bailey.

You collected 497 gold pieces.

Inventory:

Hand Weapons
 b - a +0 dagger of flaming
 e - a +1 dagger of electrocution
 t - a +1 dagger of venom (weapon)
 x - a +0 rapier of electrocution
Missiles
 n - 5 throwing nets
Armour
 c - a +2 pair of boots (worn)
Magical Staves
 f - a staff of poison
Jewellery
 h - a +6 ring of dexterity (left hand)
 i - the ring of Cymotain (right hand) {rPois rN+ rCorr Str+3}
   (You acquired it on level 8 of the Dungeon)

   [ring of resist corrosion]

   Str:       It affects your strength (+3).
   rPois:     It protects you from poison.
   rN:        It protects you from negative energy.
   rCorr:     It protects you from acid and corrosion.
 m - a ring of protection from cold
Wands
 j - a wand of mindburst (1)
 o - a wand of iceblast (13)
 p - a wand of flame (10)
 r - a wand of acid (13)
 s - a wand of digging (6)
Scrolls
 a - 3 scrolls of identify
 d - 4 scrolls of teleportation
 q - a scroll of enchant weapon
Potions
 g - 8 potions of curing
 k - a potion of haste
 l - 3 potions of invisibility
 u - a potion of lignification {unknown}
 v - a potion of resistance {unknown}
 w - a potion of heal wounds {unknown}


   Skills:
 - Level 1.7 Dodging
 - Level 1.7 Stealth
 + Level 4.8 Spellcasting
 + Level 7.3 Conjurations
 + Level 7.3 Translocations
 + Level 4.6 Fire Magic
 - Level 9.5 Air Magic
 + Level 7.0 Invocations


You had 2 spell levels left.
You knew the following spells:

 Your Spells              Type           Power      Damage    Failure   Level
a - Shock                 Conj/Air       100%       1d9       1%          1
b - Conjure Flame         Conj/Fire      28%        6-21      3%          3
c - Iskenderun's Mystic   Conj/Tloc      34%        2d8       6%          4
d - Airstrike             Air            21%        N/A       2%          4
e - Passage of Golubria   Tloc           34%        N/A       6%          4

Your spell library contained the following spells:

 Spells                   Type           Power      Damage    Failure   Level
 Static Discharge         Conj/Air       38%        N/A       1%          2
 Sublimation of Blood     Necr           4%         N/A       19%         2
 Gell's Gravitas          Tloc           34%        N/A       1%          3
 Swiftness                Air            43%        N/A       1%          3
 Teleport Other           Tloc           34%        N/A       1%          3
 Sticky Flame             Conj/Fire      28%        2d5       10%         4
 Ignite Poison            Fire/Tmut/Pois 11%        N/A       19%         3
 Fulminant Prism          Conj/Hex       9%         3d7       26%         4
 Tukima's Dance           Hex            4%         N/A       34%         3
 Irradiate                Conj/Tmut      9%         3d16      58%         5
 Dispersal                Tloc           17%        N/A       65%         6
 Petrify                  Tmut/Erth      4%         N/A       75%         4
 Lee's Rapid Deconstruct  Erth           2%         3d5*      97%         5
 Yara's Violent Unravell  Hex/Tmut       2%         3d3       97%         5
 Chain Lightning          Conj/Air       19%        3d25      100%        9
 Fire Storm               Conj/Fire      14%        8d4       100%        9
 Shatter                  Erth           2%         3d6*      100%        9


Dungeon Overview and Level Annotations

Branches:
Dungeon (9/15)             Temple (1/1) D:6          Bailey (1/1)
   Lair: D:8-11         Orc: D:9-12

Altars:
Ashenzari
Cheibriados
Dithmenos
Elyvilon
Fedhas
Gozag
Hepliaklqana
Makhleb
Nemelex Xobeh
Okawaru
Qazlal
Ru
Sif Muna
Trog
Uskayaw
Vehumet
Wu Jian
Xom
Yredelemnul
Zin
The Shining One

Shops:
D:9 (*[

Annotations:
D:3 3 runed translucent doors, Jingleheimer's ghost, amateur TeAE
D:7 4 runed translucent doors Bailey Prince Ribbit


Innate Abilities, Weirdness & Mutations

You can breathe blasts of scalding, opaque steam.
Your pale cyan-grey scales are hard. (AC +7)
You cannot fit into any form of body armour.
You are cold-blooded and may be slowed by cold attacks.
You are immune to the effects of steam.


Message History

The vault guard is moderately wounded.
The vault guard is engulfed in blazing flames.
The vault guard hits you with a +0 broad axe!
Prince Ribbit blinks!
You hit the vault guard but do no damage.
The vault guard is moderately wounded.
The vault guard is engulfed in blazing flames.
The vault guard hits you but does no damage.
Prince Ribbit catches a mosquito with his tongue.
Prince Ribbit blinks!
You barely miss the vault guard.
The vault guard is moderately wounded.
The vault guard is engulfed in blazing flames.
The vault guard hits you with a +0 broad axe!!
* * * LOW HITPOINT WARNING * * *
You barely miss the vault guard.
The vault guard is heavily wounded.
The vault guard is engulfed in blazing flames.
The vault guard hits you with a +0 broad axe.
* * * LOW HITPOINT WARNING * * *
Unknown command.
Your +1 dagger of electrocution stops crackling.
Your +1 dagger of venom begins to drip with poison!
t - a +1 dagger of venom (weapon)
The vault guard barely misses you.
You barely miss the vault guard.
The vault guard is severely wounded.
The vault guard hits you with a +0 broad axe!!
* * * LOW HITPOINT WARNING * * *
You closely miss the vault guard.
The vault guard is severely wounded.
The vault guard hits you but does no damage.
Prince Ribbit sighs, "It's not easy being green!"
Aiming: Breathe Steam (1% risk of failure)
Press: ? - help, Shift-Dir - straight line, f/p - vault guard
Aim: a vault guard, wielding a +0 broad axe and wearing a +0 plate armour (severely wounded, 74% to hit)
You exhale a blast of scalding steam.
The ball of steam misses the vault guard.
The vault guard hits you with a +0 broad axe!
You die...

##≈≈.≈##≈##.....#
#≈≈.≈≈≈≈≈#....##
#≈≈.≈≈≈≈≈##..##
##≈≈...≈≈≈≈#.##
#≈≈..≈.≈≈≈≈###
##≈≈....≈≈≈≈#
+###≈≈.....≈≈≈≈#
.≈≈≈≈.≈...≈≈≈≈≈#
#......@...≈≈≈##
#≈≈≈...p...≈≈≈#
##≈≈≈##F##≈≈≈##
##≈##.§.##≈##
###.....###
#..∩..# #.....#
#.....# #?!.!?#


You could see a vault guard and Prince Ribbit.

Vanquished Creatures
  A hydra (D:9)
  Harold (D:8)
  A manticore (D:7)
  3 yaks (D:8)
  2 humans (Bailey)
  A wraith (D:7)
  A steam dragon (D:8)
  An acid dragon (D:6)
  3 water moccasins
  3 orc warriors
  2 sky beasts
  A necrophage (D:7)
  An ice beast (D:4)
  4 ogres
  3 centaurs
  11 bullfrogs
  A scorpion (D:5)
  A water moccasin skeleton (D:2)
  4 wights (D:8)
  A centaur zombie (D:7)
  A bullfrog zombie (D:5)
  2 jellies
  2 hounds
  A bullfrog skeleton (D:5)
  7 orc priests
  3 centaur skeletons
  A gnoll shaman (D:7)
  3 iguanas
  3 orc wizards
  A scorpion zombie (D:5)
  A hound skeleton (D:4)
  A howler monkey zombie (D:7)
  4 gnolls (D:7)
  4 adders
  A shadow imp (D:7)
  3 ufetubi
  2 worms (D:2)
  2 dart slugs (D:1)
  14 orcs
  5 ball pythons
  2 endoplasms (D:2)
  A giant cockroach (D:1)
  10 goblins
  13 hobgoblins
  4 jackals (D:2)
  5 kobolds
  4 quokkas
  9 bats
  8 rats
163 creatures vanquished.

Vanquished Creatures (collateral kills)
  A scorpion (D:6)
1 creature vanquished.

Grand Total: 164 creatures vanquished

Notes
Turn   | Place    | Note
-------+----------+-------------------------------------------
     0 | D:1      | pkoi the Draconian Air Elementalist began the quest for the
                  | Orb.
     0 | D:1      | Reached XP level 1. HP: 14/14 MP: 3/3
   536 | D:1      | Reached XP level 2. HP: 20/20 MP: 0/5
   861 | D:1      | Reached skill level 4 in Air Magic
   914 | D:1      | Found a faded altar of an unknown god.
  1161 | D:1      | Reached XP level 3. HP: 24/26 MP: 2/6
  1725 | D:2      | Learned a level 3 spell: Conjure Flame
  1744 | D:2      | Reached XP level 4. HP: 21/33 MP: 1/7
  2105 | D:2      | Reached skill level 1 in Fire Magic
  2558 | D:2      | Found a hide-covered altar of Uskayaw.
  3334 | D:3      | Found a runed translucent gate.
  3334 | D:3      | Found a runed translucent gate.
  3334 | D:3      | Found a runed translucent gate.
  3580 | D:3      | Noticed Jingleheimer's ghost (amateur TeAE)
  3640 | D:3      | Reached XP level 5. HP: 38/38 MP: 5/8
  4001 | D:3      | Learned a level 4 spell: Iskenderun's Mystic Blast
  4486 | D:4      | Noticed an ogre
  4488 | D:4      | Reached skill level 5 in Air Magic
  4629 | D:4      | Noticed an ice beast
  4672 | D:4      | Killed an ice beast
  4673 | D:4      | Reached skill level 1 in Translocations
  4673 | D:4      | Reached XP level 6. HP: 31/45 MP: 1/10
  5256 | D:5      | Entered Level 5 of the Dungeon
  5427 | D:5      | Your scales start taking on a pale cyan-grey colour.
  5427 | D:5      | Reached skill level 6 in Air Magic
  5427 | D:5      | Reached XP level 7. HP: 46/50 MP: 2/11
  5427 | D:5      | Gained mutation: You are immune to the effects of steam.
                  | [Pale Draconian growth]
  5504 | D:5      | Learned a level 4 spell: Airstrike
  7041 | D:6      | Reached XP level 8. HP: 31/57 MP: 10/12
  7152 | D:6      | Found a staircase to the Ecumenical Temple.
  7166 | Temple   | Entered the Ecumenical Temple
  7769 | Temple   | Became a worshipper of Sif Muna the Loreminder
  7889 | D:6      | Reached skill level 7 in Air Magic
  8418 | D:7      | Found a large runed translucent door.
  8418 | D:7      | Found a large runed translucent door.
  8422 | D:7      | Noticed a two-headed ogre
  8425 | D:7      | Noticed a cyclops
  8502 | D:7      | Reached skill level 1 in Invocations
  9143 | D:7      | Reached skill level 5 in Conjurations
  9293 | D:7      | Found a large runed translucent door.
  9293 | D:7      | Found a large runed translucent door.
  9599 | D:7      | Reached skill level 5 in Translocations
  9966 | D:7      | Reached XP level 9. HP: 49/61 MP: 7/13
  9970 | D:7      | Reached skill level 8 in Air Magic
 10378 | D:8      | Identified a scroll of acquirement
 10378 | D:8      | Acquired the ring of Cymotain {rPois rN+ rCorr Str+3}
 10515 | D:8      | Noticed Harold
 10852 | D:8      | Reached * piety under Sif Muna
 10966 | D:8      | Reached skill level 9 in Air Magic
 10966 | D:8      | Reached skill level 5 in Invocations
 11586 | D:8      | Killed Harold
 11619 | D:7      | Noticed a manticore
 11853 | D:7      | Killed a manticore
 11854 | D:7      | Reached XP level 10. HP: 15/69 MP: 2/15
 12452 | D:8      | Learned a level 4 spell: Passage of Golubria
 12661 | D:9      | Found Ratruig's Assorted Antiques.
 12686 | D:9      | Noticed a six-headed hydra
 12696 | D:9      | Killed a six-headed hydra
 12800 | D:9      | Found Alexeu's Antique Weapon Shoppe.
 12813 | D:9      | Found Ypnihaho's Armour Shoppe.
 12813 | D:9      | Found a flagged portal.
 12827 | Bailey   | Entered a bailey
 13496 | Bailey   | Noticed Prince Ribbit
 13496 | Bailey   | Noticed a vault guard
 13573 | Bailey   | Slain by a vault guard

Illustrated notes

Levels and vault maps discovered:
D:1:      sevenhm_arrival_forest_fort_small_5, layout_loops_ring,
          hellmonk_ecumenical_altar_prayer_group, minmay_stone_trees_medium,
          amethyst_killhole, minmay_3d_cube
D:2:      layout_basic, basic_altar, eino_tiny_chamber, hangedman_decor_riveting
D:3:      layout_basic, gammafunk_ghost_icy
D:4:      layout_rooms, nrook_mini_backslash
D:5:      layout_basic, chequers_avenue, nicolae_sextant,
          minmay_misc_feat_hallway
D:6:      layout_cave_pools, minmay_temple_entry_sparse_star,
          ebering_dispersal_statue_hall
D:7:      layout_gridville, minmay_hollow_rounded_squares
D:8:      layout_basic, uniq_harold
D:9:      layout_basic, lemuel_crystal_altar, serial_shops, shop,
          nicolae_shop_waterfront, nicolae_shop_bloodbath_and_beyond,
          nicolae_shop_hallway_stairs, enter_bailey_1
Temple:   mainiacjoe_temple_starburst
Bailey:   bailey_axe_froggy_fort_hellmonk, bailey

Skill      XL: |  1  2  3  4  5  6  7  8  9 10 |
---------------+-------------------------------+-----
Air Magic      | 4 5 6 7 9 |  9.5
Fire Magic     | 1 2 3 4 |  4.6
Conjurations   | 2 3 4 5 6 7 |  7.3
Spellcasting   | 3 4 |  4.8
Translocations | 1 2 3 5 6 7 |  7.3
Invocations    | 3 6 7 |  7.0
Dodging        | |  1.7
Stealth        | |  1.7

Action                   |  1- 3 |  4- 6 |  7- 9 | 10-12 || total
-------------------------+-------+-------+-------+-------++-------
Melee: Unarmed           |     1 |       |       |       ||     1
       Dagger            |    16 |     3 |    37 |     6 ||    62
       Tailslap          |     3 |     4 |     3 |     1 ||    11
       Staff             |    13 |    27 |     1 |       ||    41
       Punch             |     1 |       |     1 |       ||     2
       Rapier            |       |       |       |    14 ||    14
 Cast: Shock             |    66 |   139 |   179 |    53 ||   437
       Airstrike         |       |       |     8 |     8 ||    16
       Conjure Flame     |       |       |     1 |     3 ||     4
       Iskenderun's Myst |       |       |       |     2 ||     2
 Abil: Breathe Steam     |       |       |    13 |     6 ||    19
Evoke: Wand              |       |       |     3 |       ||     3
  Use: Scroll            |       |     4 |     9 |       ||    13
       Potion            |       |     1 |     6 |       ||     7
 Stab: Sleeping          |       |       |       |     1 ||     1
Armor: Skin              |    19 |    31 |    41 |    21 ||   112
Dodge: Dodged            |    27 |    48 |    60 |    24 ||   159
